 Dungeon Crawl Stone Soup version 0.18-a0-1577-gf591c28 (webtiles) character file.

92334 unvid the Tortoise (level 15, -3/207 HPs)
             Began as a Minotaur Fighter on Mar 22, 2016.
             Was the Champion of Okawaru.
             Slain by a frost giant (illusionary)
             ... wielding a +2 battleaxe of freezing
              (6 damage)
             ... on level 1 of the Depths.
             The game lasted 00:48:46 (20776 turns).

unvid the Tortoise (Minotaur Fighter)              Turns: 20776, Time: 00:48:46

Health: -3/207     AC: 27    Str: 26    XL:     15   Next: 57%
Magic:  18/19      EV:  2    Int:  5    God:    Okawaru [******]
Gold:   1947       SH: 16    Dex: 15    Spells: 0 memorised, 14 levels left

rFire  + . .     SeeInvis .     X - +5 flail (venom)
rCold  . . .     Gourm    .     (armour currently unavailable)
rNeg   + + +     Faith    .     c - +0 shield
rPois  +         Spirit   .     (helmet currently unavailable)
rElec  .         Dismiss  .     (cloak currently unavailable)
rCorr  .         Reflect  .     (gloves currently unavailable)
SustAt .         Harm     .     (boots currently unavailable)
MR     +....     NoTele   +     B - amulet of regeneration
Stlth  ++++......               (no ring)
                                P - ring "Caeloex" {rF+ Dex+4}

@: tree-form, heroism, engulfed, somewhat resistant to hostile enchantments,
stealthy
A: (retaliatory headbutt), (horns 0), (poison resistance), wild magic 1
a: Heroism, Finesse, Renounce Religion


You were on level 1 of the Depths.
You worshipped Okawaru.
Okawaru was exalted by your worship.
You were not hungry.
You were a tree.
You visited 3 branches of the dungeon, and saw 24 of its levels.
You also visited: Sewer and Ice Cave.

You collected 1947 gold pieces.

Inventory:

Hand Weapons
 a - the +5 morningstar "Stringbean" {crush, rF+}
   (Okawaru gifted it to you on level 8 of the Lair of Beasts)

   It inflicts extra damage upon your enemies.
   It protects you from fire.
 X - a +5 flail of venom (weapon)
Armour
 c - a +0 shield (worn)
 h - a +0 pair of gloves (melded)
 y - a +0 cloak (melded)
 I - a +0 pair of boots (melded)
 L - a +1 plate armour of fire resistance (melded)
 Z - a +2 hat of magic resistance (melded)
Jewellery
 u - an uncursed amulet of rage
 B - an amulet of regeneration (around neck)
 P - the ring "Caeloex" (left branch) {rF+ Dex+4}
   (You found it on level 1 of the Lair of Beasts)

   [ring of protection from fire]

   It affects your dexterity (+4).
   It protects you from fire.
 U - the ring "Fepteug" {*Confuse rElec rN+ EV+4 Str+5}
   (You found it on level 3 of the Lair of Beasts)

   [ring of evasion]

   It affects your evasion (+4).
   It affects your strength (+5).
   It insulates you from electricity.
   It protects you from negative energy.
   It may confuse you when you take damage.
Wands
 E - a wand of slowing (11/48)
 Q - a wand of polymorph (7/24)
 R - a wand of iceblast (9/15)
 S - a wand of polymorph (2/24)
 T - a wand of teleportation (4/9)
 W - a wand of enslavement (13/24)
Scrolls
 b - 3 scrolls of fear
 e - 7 scrolls of amnesia
 j - 6 scrolls of identify
 o - 6 scrolls of teleportation
 p - 3 scrolls of magic mapping
 v - 3 scrolls of recharging
 z - 6 scrolls of enchant weapon
 D - 9 scrolls of remove curse
 F - 2 scrolls of blinking
 H - 3 scrolls of enchant armour
 J - 2 scrolls of holy word {unknown}
 K - a scroll of noise {unknown}
 O - 2 scrolls of fog
Potions
 d - 4 potions of might
 g - 2 potions of invisibility
 k - 9 potions of curing
 l - 8 potions of haste
 m - 3 potions of cure mutation
 q - 5 potions of lignification
 s - 5 potions of flight
 t - 2 potions of heal wounds
 x - 5 potions of magic
 C - a potion of cancellation
 G - 2 potions of brilliance
 M - 2 potions of agility
 N - 2 potions of berserk rage
 V - a potion of resistance
 Y - 3 potions of ambrosia
Books
 w - a Fen Folio

   Spells                             Type                      Level
   a - Corpse Rot                     Necromancy                   2
   b - Stone Arrow                    Conjuration/Earth            3
   c - Leda's Liquefaction            Hexes/Earth                  4
   d - Summon Forest                  Summoning/Translocation      5
   e - Hydra Form                     Transmutation                6
   f - Summon Hydra                   Summoning                    7
Comestibles
 f - 8 bread rations
 i - 12 meat rations
 n - 4 beef jerkies
 r - 7 slices of pizza
 A - 11 royal jellies


   Skills:
 - Level 14.0(19.0) Fighting
 * Level 15.7(20.7) Maces & Flails
 * Level 17.6(22.6) Armour
 + Level 6.2(11.2) Dodging
 - Level 15.0(20.0) Shields
 - Level 7.2 Invocations


You had 14 spell levels left.
You didn't know any spells.

Dungeon Overview and Level Annotations

Branches:
Dungeon (15/15)            Temple (0/1) D:6            Lair (8/8) D:8
  Swamp (0/4) Lair:5        Snake (0/4) Lair:4        Slime (0/6) Lair:8
    Orc (0/2) D:12         Vaults (0/5) D:14         Depths (1/5) D:15

Altars:
Dithmenos
Fedhas
Kikubaaqudgha
Makhleb
Nemelex Xobeh
Okawaru
Ru
Trog
Vehumet
Xom
Yredelemnul
The Shining One
Beogh

Shops:
D:11 :

Portals:
Hell: Lair:8


Innate Abilities, Weirdness & Mutations

((You reflexively headbutt those who attack you in melee.))
((You have a pair of horns on your head.))
((Your system is resistant to poisons.))
Your spells are a little harder to cast, but a little more powerful.


Message History

You block the water elemental's attack.
Unknown command.
Read which item? (? for menu, Esc to quit)
You cannot read scrolls while unable to breathe!
Drink which item? (? for menu, Esc to quit)
You turn into a tree.
Your +0 cloak melds into your body.
Your +2 hat of magic resistance melds into your body.
Your +0 pair of gloves melds into your body.
Your +0 pair of boots melds into your body.
Your +1 plate armour of fire resistance melds into your body.
You feel less resistant to hostile enchantments.
You feel less resistant to fire.
Your roots penetrate the ground.
The water elemental hits you. You block the water elemental's attack.
Unknown command.
You hit the frost giant but do no damage.
The frost giant is almost dead.
The frost giant hits you with a battleaxe of freezing!!
* * * LOW HITPOINT WARNING * * *
The frost giant freezes you.
You die...

. .............
.. .............
... ............
....##...$.......
≈≈≈..............
.≈.......≈≈≈≈≈≈≈≈
.......<)≈≈≈≈≈≈≈≈
........E...≈≈≈≈≈
#.......E♣)......
........R.C.≈≈≈..
≈≈≈≈........≈....
≈≈≈..≈≈.....≈....
.≈..≈≈≈..........
...≈≈≈≈≈≈.##.....
...≈≈≈.... #....
......... ....


You could see a frost giant, a rakshasa and 2 water elementals.

Vanquished Creatures
  Frances (D:12)
  A frost giant (Depths:1)
  Maud (Lair:4)
  2 vault guards (D:14)
  An ettin (Depths:1)
  Josephine (D:12)
  2 ice dragons (D:15)
  9 hydras
  4 centaur warriors
  Erica (Lair:2)
  A tengu warrior (D:15)
  A deep troll earth mage (D:15)
  10 death yaks
  Urug (D:13)
  A sun demon (Lair:8)
  An unseen horror (D:13)
  5 deep trolls
  3 hill giants
  4 lindwurms (Lair:3)
  3 necromancers (D:14)
  2 wizards
  2 deep elf magi
  6 ugly things
  A wolf spider (D:15)
  A manticore (D:14)
  3 cyclopes
  3 griffons
  6 black mambas
  11 elephants
  Psyche (D:9)
  A smoke demon (Lair:8)
  3 orange demons (Lair:8)
  5 rime drakes
  A gargoyle (D:14)
  7 spiny frogs
  A yaktaur (D:15)
  A hellwing (Lair:8)
  5 komodo dragons
  2 ice devils (Lair:8)
  2 red devils (Lair:8)
  2 tengu conjurers
  9 polar bears
  5 trolls
  2 two-headed ogres (D:12)
  Grinder (D:4)
  22 blink frogs
  2 centaur simulacra
  Sigmund (D:5)
  A vampire (D:14)
  A yak (shapeshifter) (D:15)
  2 shadows
  A water elemental (Depths:1)
  4 wraiths (D:12)
  5 basilisks
  18 humans (D:14)
  30 yaks
  4 hungry ghosts
  13 hippogriffs
  5 vampire mosquitoes
  2 nagas
  2 mottled dragons
  A soldier ant (D:15)
  Menkaure (D:4)
  14 water moccasins
  3 hell hounds (Lair:8)
  14 porcupines
  5 orc warriors
  4 ice beasts
  3 black bears
  3 sky beasts
  An eye of draining (D:14)
  3 boggarts (D:15)
  7 wolves
  2 phantoms
  8 ogres
  13 centaurs
  22 crocodiles
  6 big kobolds (Sewer)
  12 giant frogs
  A water moccasin zombie (D:7)
  5 scorpions
  A wyvern skeleton (D:14)
  9 killer bees
  8 wights (D:14)
  10 howler monkeys
  An electric eel (Lair:5)
  A wasp zombie (D:12)
  2 crimson imps
  A giant frog zombie (D:13)
  A quasit (D:9)
  6 centaur zombies
  11 jellies
  10 orc priests
  8 hounds
  3 centaur skeletons
  A giant frog skeleton (D:13)
  12 iguanas
  Jessica (D:2)
  10 orc wizards
  Ijyb (D:2)
  Terence (D:2)
  9 worker ants
  33 sheep
  A hound zombie (D:5)
  A hound skeleton (D:9)
  A howler monkey zombie (D:10)
  7 gnolls (D:8)
  99 river rats
  16 adders
  4 shadow imps
  15 white imps
  8 ufetubi (IceCv)
  2 adder zombies
  15 oozes
  3 worms
  A dart slug (D:2)
  5 giant geckos
  58 orcs
  7 bats
  A bat zombie (D:8)
  8 giant cockroaches
  7 goblins
  3 hobgoblins
  6 jackals
  12 kobolds
  7 quokkas
  7 ball pythons (Sewer)
  4 giant newts
  A quokka skeleton (D:5)
  15 rats
  2 rat zombies (D:8)
  A butterfly (Lair:7)
  A fungus (Lair:7)
835 creatures vanquished.

Vanquished Creatures (others)
  2 river rats (Lair:3)
  2 ufetubi (IceCv)
  2 fungi
  6 plants
12 creatures vanquished.

Grand Total: 847 creatures vanquished

Notes
Turn   | Place    | Note
--------------------------------------------------------------
     0 | D:1      | unvid the Minotaur Fighter began the quest for the Orb.
     0 | D:1      | Reached XP level 1. HP: 19/19 MP: 0/0
   145 | D:1      | Reached XP level 2. HP: 26/26 MP: 1/1
   512 | D:2      | Reached XP level 3. HP: 29/31 MP: 2/2
   599 | D:2      | Found a basalt altar of Yredelemnul.
   704 | D:2      | Reached skill level 5 in Maces & Flails
   755 | D:2      | Noticed Ijyb
   766 | D:2      | Noticed Terence
   773 | D:2      | Killed Ijyb
   773 | D:2      | Reached XP level 4. HP: 35/39 MP: 3/3
   775 | D:2      | Killed Terence
   879 | D:2      | Noticed Jessica
   907 | D:2      | Killed Jessica
   907 | D:2      | Reached XP level 5. HP: 28/45 MP: 4/4
  1508 | D:3      | Found a glowing golden altar of the Shining One.
  1761 | D:3      | Reached XP level 6. HP: 44/51 MP: 5/5
  2174 | D:4      | Noticed Grinder
  2185 | D:4      | Killed Grinder
  2207 | D:4      | Noticed Menkaure
  2211 | D:4      | Killed Menkaure
  2211 | D:4      | Reached XP level 7. HP: 39/57 MP: 6/6
  2542 | D:4      | Found a sacrificial altar of Ru.
  2833 | D:4      | Reached skill level 10 in Maces & Flails
  3074 | D:4      | Found an iron altar of Okawaru.
  3075 | D:4      | Found a bloodstained altar of Trog.
  3085 | D:4      | Became a worshipper of Warmaster Okawaru
  3213 | D:5      | Entered Level 5 of the Dungeon
  3232 | D:5      | Found a glowing drain.
  3258 | Sewer    | Entered a sewer
  3648 | Sewer    | Reached XP level 8. HP: 42/64 MP: 7/7
  3820 | Sewer    | Reached * piety under Okawaru
  3995 | D:5      | Noticed Sigmund
  4004 | D:5      | Killed Sigmund
  4688 | D:6      | Found a staircase to the Ecumenical Temple.
  4707 | D:6      | Reached ** piety under Okawaru
  4815 | D:6      | Reached XP level 9. HP: 63/70 MP: 8/8
  5107 | D:7      | Found a blossoming altar of Fedhas.
  5379 | D:7      | Reached skill level 4 in Armour
  5388 | D:7      | Reached skill level 1 in Invocations
  5675 | D:7      | Found a shadowy altar of Dithmenos.
  5731 | D:7      | Reached skill level 5 in Armour
  5757 | D:7      | Reached skill level 5 in Shields
  6084 | D:8      | Reached *** piety under Okawaru
  6153 | D:8      | Reached skill level 5 in Fighting
  6158 | D:8      | Reached skill level 6 in Armour
  6206 | D:8      | Reached XP level 10. HP: 61/81 MP: 7/10
  6270 | D:8      | Found a staircase to the Lair.
  6325 | D:8      | Reached skill level 7 in Armour
  6617 | D:8      | Reached **** piety under Okawaru
  6654 | D:8      | Found a radiant altar of Vehumet.
  6860 | D:8      | Found an ancient bone altar of Kikubaaqudgha.
  6931 | D:9      | Found a shimmering altar of Xom.
  6931 | D:9      | Found a shimmering altar of Xom.
  6931 | D:9      | Found a shimmering altar of Xom.
  7002 | D:9      | Found a sparkling altar of Nemelex Xobeh.
  7036 | D:9      | Got a steaming leather armour
  7047 | D:9      | Identified the +1 leather armour of the Blessed Realm {rC+} (You found it on level 9 of the Dungeon)
  7099 | D:9      | Noticed Psyche
  7105 | D:9      | Killed Psyche
  7441 | D:9      | Found a shimmering altar of Xom.
  7441 | D:9      | Found a shimmering altar of Xom.
  7442 | D:9      | Found a shimmering altar of Xom.
  7606 | D:10     | Entered Level 10 of the Dungeon
  7703 | D:10     | Noticed a red ugly thing
  7726 | D:10     | Killed a red ugly thing
  7726 | D:10     | Reached skill level 8 in Armour
  8229 | D:10     | Reached ***** piety under Okawaru
  8385 | Lair:1   | Entered Level 1 of the Lair of Beasts
  8389 | Lair:1   | Reached skill level 9 in Armour
  8395 | Lair:1   | Got a sparkling platinum ring
  8396 | Lair:1   | Identified the ring "Caeloex" {rF+ Dex+4} (You found it on level 1 of the Lair of Beasts)
  8541 | Lair:1   | Reached XP level 11. HP: 84/92 MP: 13/13
  9119 | Lair:2   | Noticed Erica
  9129 | Lair:2   | Killed Erica
  9232 | Lair:2   | Reached skill level 5 in Invocations
  9330 | Lair:2   | Received a gift from Okawaru
  9333 | Lair:2   | Got a distressingly furry ring mail {god gift}
  9344 | Lair:2   | Identified the +3 ring mail of Lihus {Dex+5} (Okawaru gifted it to you on level 2 of the Lair of Beasts)
  9681 | Lair:2   | Gained mutation: Your spells are a little harder to cast, but a little more powerful. [potion of beneficial mutation]
  9682 | Lair:2   | Gained mutation: Your system is resistant to poisons. [potion of beneficial mutation]
 10033 | Lair:3   | Reached skill level 10 in Armour
 10047 | Lair:3   | Reached skill level 10 in Shields
 10497 | Lair:3   | Got a steaming tin ring
 10498 | Lair:3   | Identified the ring "Fepteug" {*Confuse rElec rN+ EV+4 Str+5} (You found it on level 3 of the Lair of Beasts)
 10710 | Lair:3   | Reached skill level 11 in Armour
 10842 | Lair:3   | Noticed a lindwurm
 10850 | Lair:3   | Noticed a lindwurm
 10859 | Lair:3   | Killed a lindwurm
 10865 | Lair:3   | Noticed a lindwurm
 10870 | Lair:3   | Killed a lindwurm
 10871 | Lair:3   | Noticed a lindwurm
 10882 | Lair:3   | Killed a lindwurm
 10890 | Lair:3   | Killed a lindwurm
 10890 | Lair:3   | Reached XP level 12. HP: 22/103 MP: 15/15
 10897 | Lair:3   | Identified the Grimoire of Attacks and Feathers
 10900 | Lair:3   | Identified the Incunabulum of Toxins
 10903 | Lair:3   | Identified the Disquisition on the Cankerous Escort
 11103 | Lair:4   | Noticed an eight-headed hydra
 11112 | Lair:4   | Killed an eight-headed hydra
 11112 | Lair:4   | Received a gift from Okawaru
 11132 | Lair:4   | Found a staircase to the Snake Pit.
 11156 | Lair:4   | Noticed Maud
 11170 | Lair:4   | Killed Maud
 11170 | Lair:4   | Reached ****** piety under Okawaru
 11648 | Lair:4   | Found a frozen archway.
 11692 | IceCv    | Entered an ice cave
 11856 | Lair:4   | Noticed a six-headed hydra
 11869 | Lair:4   | Killed a six-headed hydra
 11869 | Lair:4   | Reached skill level 12 in Armour
 12182 | Lair:5   | Noticed a death yak
 12211 | Lair:5   | Killed a death yak
 12222 | Lair:5   | Received a gift from Okawaru
 12241 | Lair:5   | Noticed a death yak
 12242 | Lair:5   | Noticed a death yak
 12255 | Lair:5   | Killed a death yak
 12262 | Lair:5   | Killed a death yak
 12437 | Lair:5   | Found a staircase to the Swamp.
 12614 | Lair:5   | Reached skill level 13 in Armour
 13217 | Lair:6   | Noticed a seven-headed hydra
 13226 | Lair:6   | Killed a seven-headed hydra
 13226 | Lair:6   | Reached skill level 10 in Fighting
 13226 | Lair:6   | Reached XP level 13. HP: 93/113 MP: 17/17
 13409 | Lair:5   | Received a gift from Okawaru
 13950 | Lair:7   | Reached skill level 14 in Armour
 14789 | Lair:8   | Entered Level 8 of the Lair of Beasts
 15261 | Lair:8   | Found a staircase to the Slime Pits.
 15273 | Lair:8   | Reached skill level 15 in Armour
 15556 | Lair:8   | Reached skill level 15 in Shields
 15588 | Lair:8   | Received a gift from Okawaru
 15596 | Lair:8   | Got an ancient morningstar {god gift}
 15597 | Lair:8   | Identified the +5 morningstar "Stringbean" {crush, rF+} (Okawaru gifted it to you on level 8 of the Lair of Beasts)
 15632 | Lair:8   | Found a burning altar of Makhleb.
 15639 | Lair:8   | Reached XP level 14. HP: 121/124 MP: 18/18
 15696 | Lair:8   | Reached skill level 1 in Dodging
 15706 | Lair:8   | Found a gateway to Hell.
 16420 | D:11     | Found Wipeq's Book Emporium.
 16504 | D:11     | Noticed Sonja
 16507 | D:11     | Noticed Sonja
 16507 | D:11     | Sonja changed into Sonja the naga
 16508 | D:11     | Killed Sonja the naga
 16944 | D:12     | Noticed Josephine
 16973 | D:12     | Killed Josephine
 17116 | D:12     | Found a staircase to the Orcish Mines.
 17210 | D:12     | Found a roughly hewn altar of Beogh.
 17331 | D:12     | Noticed Frances
 17334 | D:12     | Received a gift from Okawaru
 17354 | D:12     | Killed Frances
 17552 | D:12     | Found a huge runed gate.
 17552 | D:12     | Found a huge runed gate.
 17552 | D:12     | Found a huge runed gate.
 17552 | D:12     | Found a huge runed gate.
 17597 | D:12     | Reached skill level 16 in Armour
 17821 | D:13     | Received a gift from Okawaru
 18514 | D:13     | Noticed Urug
 18525 | D:13     | Killed Urug
 19036 | D:14     | Reached XP level 15. HP: 89/136 MP: 19/19
 19090 | D:14     | Found a gate to the Vaults.
 19256 | D:14     | Reached skill level 15 in Maces & Flails
 19639 | D:14     | Received a gift from Okawaru
 19770 | D:14     | Reached skill level 5 in Dodging
 19843 | D:15     | Entered Level 15 of the Dungeon
 19957 | D:15     | Reached skill level 17 in Armour
 19995 | D:15     | Found a staircase to the Depths.
 20525 | Depths:1 | Entered Level 1 of the Depths
 20737 | Depths:1 | Received a gift from Okawaru
 20738 | Depths:1 | Noticed a frost giant
 20761 | Depths:1 | HP: 3/138 [frost giant/bolt of cold (24)]
 20765 | Depths:1 | Killed a frost giant
 20776 | Depths:1 | HP: 3/207 [frost giant (illusionary)/battleaxe of freezing (23)]
 20776 | Depths:1 | Slain by a frost giant (illusionary)

Vault maps used:
D:1:      tarquinn_simple_flora_water_e, minmay_misc_feat_rows
D:2:      old_standard_altar, minmay_close_crescents, uniq_terence,
          uniq_jessica, uniq_iyjb
D:3:      minmay_door_path, marbit_many_paths
D:4:      nicolae_ru_sacrificial_ziggurat, grunt_temple_overflow_bloody_war,
          first_bread, kennysheep_nondescript, feat_on_display, uniq_grinder,
          uniq_menkaure
D:5:      gup_sewer_entry_glass, uniq_sigmund
D:6:      minmay_temple_entry_glass
D:7:      grunt_dithmenos_smoke, nicolae_overflow_crystal_walls
D:8:      lemuel_zombie_altar_kikubaaqudgha, minmay_lair_entry_grove,
          basic_altar, hangedman_little_slice_of_home
D:9:      lemuel_crystal_altar, xom_redecorated, uniq_psyche
D:10:     minmay_statues_item
D:11:     serial_shops, nicolae_shop_competitors_out_of_business, uniq_sonja
D:12:     lemuel_bear_cage, minmay_orc_entry_temple_small, uniq_frances,
          uniq_josephine
D:13:     kennysheep_generic_room_10, uniq_urug
D:14:     kennysheep_six_static_rooms, grunt_vaults_entry_tiered, serial_curves,
          eino_curves_03, eino_curves_04
D:15:     grunt_enter_depths_hoard, grunt_decor_clamped
Lair:2:   uniq_erica
Lair:3:   minmay_lindwurm_lava
Lair:4:   guppyfry_snake_entry_garden, portal_ice_cave_entry_imps,
          infiniplex_staircase_pool_2, uniq_maud
Lair:5:   swamp_mist
Lair:6:   bh_autumn_forest_stairs, grunt_megastairs_4
Lair:7:   lemuel_fruit_fields, serial_bayou_shore_b
Lair:8:   evil_forest, nicolae_slime_entry_slimehenge, infiniplex_staircase_pool
Depths:1: hell_entry, hangedman_glass_garden, kennysheep_doodads, ice2_lemuel
Sewer:    sewer_co_tree
IceCv:    ice_cave_small_demon

Skill      XL: |  1  2  3  4  5  6  7  8  9 10 11 12 13 14 15 |
---------------+----------------------------------------------+-----
Maces & Flails | 3 4 5 6 7 9 11 13 14 15 | 15.7
Armour         | 6 9 11 13 15 16 17 | 17.6
Shields        | 6 8 11 13 15 | 15.0
Invocations    | 2 4 6 7 |  7.2
Fighting       | 5 7 8 10 11 13 14 | 14.0
Dodging        | 4 6 |  6.2

Action                   |  1- 3 |  4- 6 |  7- 9 | 10-12 | 13-15 || total
-------------------------+-------+-------+-------+-------+-------++-------
Melee: Flail             |    96 |   138 |   424 |   819 |   717 ||  2194
       Morningstar       |       |       |       |       |   669 ||   669
Invok: Heroism           |       |       |     1 |     5 |    11 ||    17
       Finesse           |       |       |       |       |     3 ||     3
Evoke: Wand              |       |       |     2 |     3 |     3 ||     8
  Use: Scroll            |     9 |       |     6 |    13 |     9 ||    37
       Potion            |       |       |     1 |     3 |     7 ||    11
 Stab: Paralysed         |       |       |     6 |     2 |       ||     8
  Eat: Chunk             |       |     4 |    14 |    18 |    28 ||    64
       Fruit             |       |       |       |     2 |     4 ||     6
       Beef jerky        |       |       |       |     2 |     1 ||     3
